 Dungeon Crawl Stone Soup version 0.28-a0-793-g31680bbd8b (webtiles) character file.

Game seed: 15674418005658371259

52425 vurker the Thaumaturge (level 15, 4/113 HPs)
             Began as a Djinni Air Elementalist on Nov 4, 2021.
             Was a High Priest of Makhleb.
             Quit the game on level 2 of the Orcish Mines.
             The game lasted 00:37:52 (31837 turns).

vurker the Thaumaturge (Djinni Air Elementalist)   Turns: 31837, Time: 00:37:53

Health: 4/113      AC: 10    Str:  7    XL:     15   Next: 6%
Gold:   1170       EV: 21    Int: 27    God:    Makhleb [*****.] SH:  8 Dex: 16

rFire   + + +      SeeInvis .   h - staff of air
rCold   x . .      Faith    .   A - +3 buckler
rNeg    . . .      Spirit   .   j - +0 steam dragon scales
rPois   ∞          Reflect  .   i - +0 helmet
rElec   +          Harm     .   a - +2 cloak {rF+}
rCorr   .          Rampage  .   p - +0 pair of gloves
Will    +....                   (boots unavailable)
Stlth   ++........              (no amulet)
HPRegen 0.28/turn               m - +4 ring of evasion
MPRegen 0.00/turn               v - +6 ring of intelligence

@: flying
A: sickness immunity, fire resistance 2, cold vulnerability 1, float, innate
caster, hp casting, extra vitality 1
a: Renounce Religion, Minor Destruction, Lesser Servant of Makhleb, Major
Destruction, Greater Servant of Makhleb


You were on level 2 of the Orcish Mines.
You worshipped Makhleb.
Makhleb was extremely pleased with you.
You visited 4 branches of the dungeon, and saw 20 of its levels.
You also visited: Ice Cave and Volcano.

You collected 1170 gold pieces.

Inventory:

Armour
 a - a +2 cloak of fire resistance (worn)
   (You found it in a volcano)
 i - a +0 helmet (worn)
   (You took it off Robin on level 2 of the Dungeon)
 j - +0 steam dragon scales (worn)
   (You found it in a volcano)
 p - a +0 pair of gloves (worn)
   (You found it on level 4 of the Dungeon)
 y - a +3 leather armour of fire resistance
   (You found it in a volcano)
 A - a +3 buckler (worn)
   (You found it on level 11 of the Dungeon)
 D - the +1 leather armour "Tityse" {rElec rCorr Dex+3}
   (You found it on level 4 of the Lair of Beasts)

   Dex:       It affects your dexterity (+3).
   rElec:     It insulates you from electricity.
   rCorr:     It protects you from acid and corrosion.
 G - the +1 kite shield "Maib" {rElec rF++ Regen+ Dex-2}
   (You found it on level 6 of the Lair of Beasts)

   Dex:       It affects your dexterity (-2).
   rF:        It greatly protects you from fire.
   rElec:     It insulates you from electricity.
   Regen:     It increases your rate of health regeneration.
Magical Staves
 h - a staff of air (weapon)
   (You found it on level 2 of the Dungeon)
Jewellery
 m - a +4 ring of evasion (left hand)
   (You found it on level 3 of the Dungeon)
 v - a +6 ring of intelligence (right hand)
   (You found it on level 10 of the Dungeon)
 B - a ring of protection from fire
   (You found it on level 4 of the Lair of Beasts)
Wands
 d - a wand of iceblast (25)
   (You found it on level 6 of the Dungeon)
 s - a wand of polymorph (18)
   (You found it on level 10 of the Dungeon)
 t - a wand of flame (76)
   (You took it off Robin on level 2 of the Dungeon)
 u - a wand of charming (15)
   (You found it on level 9 of the Dungeon)
 x - a wand of acid (10)
   (You took it off an orc on level 5 of the Dungeon)
Scrolls
 c - 2 scrolls of teleportation
 k - 2 scrolls of vulnerability
 o - 2 scrolls of immolation
 w - 2 scrolls of fog
Potions
 b - 10 potions of curing
 e - 2 potions of mutation
 f - 5 potions of haste
 g - 3 potions of brilliance
 l - 2 potions of attraction
 n - a potion of heal wounds
 q - a potion of degeneration {unknown}
 C - a potion of ambrosia
 E - a potion of cancellation {unknown}
 F - a potion of resistance


   Skills:
 + Level 12.3 Fighting
 - Level 10.0 Dodging
 - Level 1.5 Stealth
 - Level 4.0 Shields
 * Level 13.7 Spellcasting
 + Level 10.0 Invocations


You had 7 spell levels left.
You knew the following spells:

 Your Spells              Type           Power      Damage    Failure   Level
a - Shock                 Conj/Air       100%       1d9       0%          1
b - Scorch                Fire           100%       2d10      0%          2
c - Airstrike             Air            47%        N/A       1%          4
d - Sting                 Tmut/Pois      100%       1d8       0%          1
e - Teleport Other        Tloc           75%        N/A       1%          3
f - Summon Guardian Gole  Hex/Summ       75%        N/A       1%          3
g - Petrify               Tmut/Erth      75%        N/A       1%          4
h - Silence               Hex/Air        47%        N/A       1%          5
i - Statue Form           Tmut/Erth      50%        N/A       1%          6
m - Static Discharge      Conj/Air       95%        N/A       0%          2
n - Swiftness             Air            95%        N/A       1%          3
Your spell library was empty.

Dungeon Overview and Level Annotations

Branches:
Dungeon (11/15)            Temple (1/1) D:7            Lair (6/6) D:10
 Shoals (0/4) Lair:4       Spider (0/4) Lair:3        Slime (0/5) Lair:6
    Orc (2/2) D:11            Elf (0/3) Orc:2         IceCv (visited)
Volcano (visited)

Altars:
Ashenzari
Cheibriados
Dithmenos
Elyvilon
Fedhas
Gozag
Hepliaklqana
Makhleb
Nemelex Xobeh
Xom

Shops:
D:5 *   Orc:2 (?

Annotations:
D:7 3 runed translucent doors, 2 transporters, Irenicus's ghost, novice DDEE
D:8 2 runed translucent doors, emiel's ghost, novice DsEE
D:11 exclusions: ice statue and orange crystal statue
Lair:1 2 transporters
Lair:6 1 runed translucent door


Innate Abilities, Weirdness & Mutations

You are immune to sickness and miasma.
You are immune to poison.
Your flesh is very heat resistant. (rF++)
You are vulnerable to cold. (rC-)
You float through the air rather than walking.
You learn spells naturally, not from books.
Your magical power is your life essence.
You have superior vitality. (+4 HP)


Message History

Makhleb accepts your kill.
You feel better.
The ogre shouts!
* * * LOW HITPOINT WARNING * * *
The orc wizard gestures wildly while chanting.
The orc wizard flickers and vanishes!
Deactivating autopickup; reactivate with Ctrl-A. 2 wargs come into view.
Found 19 gold pieces.
An orc warrior comes into view. It is wielding a +0 flail.
An orc wizard comes into view. It is wielding a +1 dagger of venom.
You hear some strange, mumbled words.
Something tries to affect you, but you resist.
There is a stone staircase leading down here.
Aim: an ogre, wielding a +0 giant spiked club (empty space bonus: 7/8)
You feel a surge of power!
The air twists around and strikes the ogre!
The orc warrior shouts!
* * * LOW HITPOINT WARNING * * *
You hear a shout!
The ogre completely misses you.
You hear some strange, mumbled words.
A puff of flame appears from out of thin air!
The puff of flame hits you but does no damage.
You resist.
An orc comes into view. It is wielding a +0 mace.
Aim: an ogre, wielding a +0 giant spiked club (heavily wounded, empty space bonus: 7/8)
You feel a surge of power!
The air twists around and strikes the ogre!
You kill the ogre!
Makhleb accepts your kill.
You feel better.
* * * LOW HITPOINT WARNING * * *
The warg howls!
The warg closely misses you. You block something's attack.
You block the warg's attack.
You fly downwards.
Reactivating autopickup.
There is a stone staircase leading up here.
Aim: a warg (empty space bonus: 6/8)
You feel a surge of power!
The air twists around and strikes the warg!
* * * LOW HITPOINT WARNING * * *
Something hits you but does no damage.
Deactivating autopickup; reactivate with Ctrl-A.
The warg completely misses you.
The orc priest calls down the wrath of Beogh upon you.
Beogh smites you!
* * * LOW HITPOINT WARNING * * *
Unknown command.

######### ##.##.##.##
##.o...o...# ##
##...##.##.###.##
#....#..@.###...##
##.o###.h.o##..#.##
##...##.#oo.oo....#
#.......o........##
##...........o....#
##......####oo#.##
#......## #.....#
#.......###<...#..o
#..........###.#.....


You could see a warg, 3 orc warriors, an orc priest, an orc wizard and 3 orcs.

Vanquished Creatures
  Gastronok (Lair:3)
  A dire elephant (Lair:6)
  Snorg (D:10)
  A fire dragon (Volcano)
  4 hydras
  2 two-headed ogres
  A catoblepas (Lair:2)
  3 death yaks (Lair:6)
  6 lindwurms
  An ugly thing (Lair:6)
  An oklob plant (Lair:5)
  10 elephants
  2 black mambas
  A gargoyle (D:11)
  6 torpor snails (Lair:6)
  2 smoke demons (Volcano)
  4 cane toads
  6 komodo dragons
  5 rime drakes
  2 jumping spiders (Lair:3)
  A troll (D:10)
  4 tyrant leeches (Lair:6)
  10 polar bears
  7 hornets (Lair:6)
  6 dream sheep (Lair:5)
  2 raiju (Lair:6)
  12 blink frogs
  A meliai zombie (D:11)
  2 redbacks (Lair:3)
  4 wyverns
  33 yaks
  A wraith (D:11)
  3 basilisks
  8 steam dragons (Volcano)
  2 vampire mosquitoes (D:10)
  4 wargs (Lair:6)
  An acid dragon (D:9)
  11 water moccasins
  15 hell hounds
  7 orc warriors
  An ice beast (D:6)
  3 sky beasts
  12 black bears
  A necrophage (D:5)
  3 ogres
  26 wolves
  9 centaurs
  3 kobold brigands
  Blork the orc (D:4)
  13 bullfrogs
  A cane toad simulacrum (IceCv)
  A wyvern zombie (D:6)
  2 gnoll sergeants
  A wyvern skeleton (D:3)
  10 killer bees
  7 wights (D:7)
  7 electric eels
  7 howler monkeys
  8 centaur zombies
  A bullfrog zombie (D:6)
  4 jellies
  8 hounds
  8 orc priests
  A centaur skeleton (D:7)
  11 orc wizards
  Natasha (thrice) (D:2)
  A wolf simulacrum (IceCv)
  2 howler monkey zombies
  Robin (D:2)
  9 gnolls
  A howler monkey skeleton (D:4)
  3 adders
  2 white imps
  An adder skeleton (D:4)
  2 worms
  4 dart slugs
  50 orcs
  4 ball pythons
  12 endoplasms
  5 giant cockroaches
  13 goblins
  8 hobgoblins
  3 jackals (D:1)
  5 quokkas
  6 bats
  8 frilled lizards
  22 kobolds
  5 rats
513 creatures vanquished.

Vanquished Creatures (others)
  A hell hound (Lair:6)
  An ufetubus (D:5)
  9 demonic plants (D:2)
  48 fungi
  70 plants
  5 withered plants (D:2)
134 creatures vanquished.

Grand Total: 647 creatures vanquished

Notes
Turn   | Place    | Note
-------+----------+-------------------------------------------
     0 | D:1      | vurker the Djinni Air Elementalist began the quest for the
                  | Orb.
     0 | D:1      | Reached XP level 1. HP: 15/15 MP: 0/0
   190 | D:1      | Reached XP level 2. HP: 12/22 MP: 0/0
   595 | D:1      | Reached skill level 1 in Fighting
   896 | D:1      | Reached XP level 3. HP: 26/27 MP: 0/0
   896 | D:1      | Learned a level 1 spell: Sting
   917 | D:1      | Reached skill level 3 in Spellcasting
  1773 | D:2      | Noticed Natasha
  1778 | D:2      | Killed Natasha
  1779 | D:2      | Reached XP level 4. HP: 29/33 MP: 0/0
  1881 | D:2      | Noticed Natasha
  1888 | D:2      | Killed Natasha
  2455 | D:2      | Reached XP level 5. HP: 34/38 MP: 0/0
  2455 | D:2      | Learned a level 2 spell: Scorch
  2595 | D:2      | Noticed Robin
  2606 | D:2      | Killed Robin
  2745 | D:2      | Noticed Natasha
  2747 | D:2      | Killed Natasha
  2748 | D:2      | Reached skill level 4 in Spellcasting
  2762 | D:2      | Found a faded altar of an unknown god.
  3329 | D:3      | Reached XP level 6. HP: 31/46 MP: 0/0
  4676 | D:4      | Identified the +3 robe of Piosatz {Harm *Corrode rF+++
                  | Dex+2}
  4865 | D:4      | Found a snail-covered altar of Cheibriados.
  5045 | D:4      | Noticed Blork the orc
  5053 | D:4      | Killed Blork the orc
  5054 | D:4      | Reached XP level 7. HP: 31/50 MP: 0/0
  5054 | D:4      | Learned a level 3 spell: Teleport Other
  5488 | D:5      | Entered Level 5 of the Dungeon
  5534 | D:5      | Reached skill level 5 in Spellcasting
  6279 | D:5      | Reached XP level 8. HP: 46/58 MP: 0/0
  6463 | D:5      | Reached skill level 6 in Spellcasting
  6475 | D:5      | Reached skill level 5 in Fighting
  6996 | D:5      | Found Pueh's Lightly-Used Armoury.
  8060 | D:6      | Reached skill level 7 in Spellcasting
  8060 | D:6      | Reached XP level 9. HP: 54/66 MP: 0/0
  8060 | D:6      | Learned a level 3 spell: Summon Guardian Golem
  8801 | D:7      | Found a runed translucent gate.
  8802 | D:7      | Found a runed translucent gate.
  8802 | D:7      | Noticed Irenicus's ghost (novice DDEE)
  8813 | D:7      | Noticed a cyclops
  8843 | D:7      | Noticed a five-headed hydra
  8846 | D:7      | Found a transporter.
  8896 | D:7      | Found a runed translucent gate.
  9470 | D:7      | Reached skill level 8 in Spellcasting
  9514 | D:7      | Found a transporter.
 10103 | D:7      | Found a staircase to the Ecumenical Temple.
 10152 | D:7      | Found a shimmering altar of Xom.
 10280 | Temple   | Entered the Ecumenical Temple
 10327 | Temple   | Became a worshipper of Makhleb the Destroyer
 10472 | D:7      | Found a broken altar of Ashenzari.
 10566 | D:8      | Reached XP level 10. HP: 42/75 MP: 0/0
 10833 | D:8      | Reached skill level 1 in Invocations
 10973 | D:8      | Reached * piety under Makhleb
 11256 | D:8      | Identified the +8 short sword of Annihilation {vorpal, rF+}
 11432 | D:8      | Reached skill level 9 in Spellcasting
 11862 | D:8      | Found a large runed translucent door.
 12002 | D:8      | Found a large runed translucent door.
 12103 | D:8      | Noticed emiel's ghost (novice DsEE)
 13224 | D:9      | Reached ** piety under Makhleb
 13744 | D:10     | Entered Level 10 of the Dungeon
 13959 | D:10     | Noticed Snorg
 13966 | D:10     | Killed Snorg
 13967 | D:10     | Reached skill level 5 in Dodging
 13967 | D:10     | Reached XP level 11. HP: 48/82 MP: 0/0
 13967 | D:10     | Learned a level 4 spell: Petrify
 14407 | D:10     | Noticed a two-headed ogre
 14411 | D:10     | Killed a two-headed ogre
 14509 | D:10     | Reached skill level 10 in Spellcasting
 14671 | D:10     | Found a staircase to the Lair.
 15341 | D:10     | Found a hazy altar of Hepliaklqana.
 15854 | D:11     | Reached skill level 5 in Invocations
 16343 | D:11     | Reached *** piety under Makhleb
 16934 | D:11     | HP: 2/84 [gargoyle (3)]
 17379 | D:11     | Noticed a two-headed ogre
 17390 | D:11     | Killed a two-headed ogre
 17690 | D:11     | Found a shimmering altar of Xom.
 17784 | D:11     | Found a staircase to the Orcish Mines.
 17883 | D:11     | Noticed an orange crystal statue
 18047 | Lair:1   | Entered Level 1 of the Lair of Beasts
 18065 | Lair:1   | Found a transporter.
 18077 | Lair:1   | Reached XP level 12. HP: 78/90 MP: 0/0
 18453 | Lair:1   | Found a transporter.
 18815 | Lair:1   | Noticed a four-headed hydra
 18823 | Lair:1   | Killed a four-headed hydra
 19428 | Lair:2   | Reached skill level 11 in Spellcasting
 19488 | Lair:2   | Found a dark tunnel.
 19493 | Volcano  | Entered a volcano
 19659 | Volcano  | Reached skill level 10 in Fighting
 20463 | Volcano  | Noticed a fire dragon
 20472 | Volcano  | Killed a fire dragon
 21005 | Lair:1   | Reached XP level 13. HP: 79/97 MP: 0/0
 21005 | Lair:1   | Learned a level 5 spell: Silence
 21182 | Lair:2   | You are sucked into a shaft and drop 2 floors!
 21457 | Lair:4   | Noticed a six-headed hydra
 21462 | Lair:4   | Killed a six-headed hydra
 21463 | Lair:4   | Reached skill level 1 in Shields
 21738 | Lair:4   | Identified the +1 leather armour "Tityse" {rElec rCorr
                  | Dex+3}
 21744 | Lair:4   | Reached **** piety under Makhleb
 21950 | Lair:3   | Noticed Gastronok
 22557 | Lair:2   | Noticed a catoblepas
 22563 | Lair:2   | Killed a catoblepas
 22564 | Lair:2   | Reached skill level 12 in Spellcasting
 23202 | Lair:3   | Killed Gastronok
 23687 | Lair:3   | Found a hole to the Spider Nest.
 23818 | Lair:4   | Found a staircase to the Shoals.
 25092 | Lair:5   | Identified the +7 glaive "Unocagas" {venom, Str+2 Dex+4}
 25338 | Lair:5   | Reached XP level 14. HP: 85/105 MP: 0/0
 26055 | Lair:6   | Entered Level 6 of the Lair of Beasts
 26427 | Lair:6   | Found a staircase to the Slime Pits.
 26605 | Lair:6   | Found a frozen archway.
 26614 | IceCv    | Entered an ice cave
 26827 | Lair:6   | Reached skill level 10 in Dodging
 27131 | Lair:6   | Reached skill level 13 in Spellcasting
 27135 | Lair:6   | Reached ***** piety under Makhleb
 28610 | Lair:6   | Found a runed translucent door.
 29825 | Lair:6   | Noticed a dire elephant
 29856 | Lair:6   | Killed a dire elephant
 30731 | Lair:6   | Reached XP level 15. HP: 97/112 MP: 0/0
 30731 | Lair:6   | Learned a level 6 spell: Statue Form
 30909 | Lair:6   | Reached skill level 10 in Invocations
 31033 | Lair:6   | Identified the +1 kite shield "Maib" {rElec rF++ Regen+
                  | Dex-2}
 31485 | Orc:1    | Entered Level 1 of the Orcish Mines
 31693 | Orc:2    | Entered Level 2 of the Orcish Mines
 31693 | Orc:2    | Found a staircase to the Elven Halls.
 31792 | Orc:2    | Found Moviad's Magic Scroll Shop.
 31792 | Orc:2    | Found Buochac's Antique Weapon Emporium.
 31836 | Orc:2    | HP: 4/113 [orc priest/divine providence (16)]
 31837 | Orc:2    | Quit the game

Illustrated notes

Levels and vault maps discovered:
D:1:      ncdulo_smallfort, layout_loops_corners, minivault_24
D:2:      minmay_inner_zag, layout_basic, shapermc_ecumenical_altar_gd,
          minmay_lizard_pond, uniq_robin, uniq_natasha
D:3:      layout_loops_corners
D:4:      layout_basic, mainiacjoe_overflow_chevrons, uniq_blork_the_orc
D:5:      layout_basic, minmay_shop_damaged
D:6:      layout_loops_ring
D:7:      gammafunk_steamed_eel, layout_gridville, mainiacjoe_overflow_catwalk,
          mainiacjoe_overflow_alcove_4, minmay_temple_entry_fiery,
          gammafunk_ghost_split, amethyst_killhole
D:8:      minmay_skewed_foursquare, layout_basic, ebering_ghost_disaster_area
D:9:      layout_basic
D:10:     layout_roguey, kennysheep_mini_moat, erik_lair_island, uniq_snorg
D:11:     minmay_separated_statues, layout_rooms, david_orc_2,
          roderic_three_in_a_row, tgw_xom
Temple:   compressed_dpeg_circular_temple
Lair:1:   gammafunk_worm_tunnel, layout_chaotic_city
Lair:2:   layout_hall_layers, nicolae_volcano_entry_s_turn,
          infiniplex_staircase_pool_2, lemuel_fruit_fields
Lair:3:   layout_chaotic_city, spider_nest_entry_a, gauntlet_entry_generic,
          infiniplex_staircase_pool, uniq_gastronok
Lair:4:   layout_regular_city, shoals_dummy_entry, serial_bayou_lagoon_b
Lair:5:   layout_cave_pods, lookout_lair_type
Lair:6:   wormcave, layout_small_grid, hangedman_lair_caniforms_friends,
          nicolae_slime_entry_slimehenge, portal_ice_cave_entry_pillars_2
Orc:1:    layout_caves, serial_shops, nicolae_lakefront_shop,
          nicolae_shop_overcharged_wands
Orc:2:    grunt_orc_tribal_feast, layout_caves

Skill      XL: |  1  2  3  4  5  6  7  8  9 10 11 12 13 14 15 |
---------------+----------------------------------------------+-----
Fighting       | 1 2 3 4 5 7 8 9 10 11 12 | 12.3
Spellcasting   | 3 4 5 7 8 9 10 11 12 13 | 13.7
Invocations    | 3 5 7 8 9 10 | 10.0
Dodging        | 5 6 8 9 10 | 10.0
Shields        | 4 |  4.0
Stealth        | |  1.5

Action                   |  1- 3 |  4- 6 |  7- 9 | 10-12 | 13-15 || total
-------------------------+-------+-------+-------+-------+-------++-------
Melee: Staff             |       |       |       |       |     2 ||     2
 Cast: Shock             |    53 |   127 |    77 |    15 |    12 ||   284
       Scorch            |       |    13 |    60 |    11 |       ||    84
       Airstrike         |       |       |    61 |   344 |   544 ||   949
Evoke: Wand              |       |       |       |     3 |     7 ||    10
  Use: Scroll            |       |       |    13 |    11 |     9 ||    33
       Potion            |       |       |       |     3 |     4 ||     7
Armor: Robe              |     1 |     2 |     3 |    13 |       ||    19
       Steam dragon scal |       |       |       |     2 |    37 ||    39
Dodge: Dodged            |     2 |    19 |    28 |    92 |   173 ||   314
Block: Buckler           |       |       |       |       |    68 ||    68

Table legend: (Time is in decaauts)
 A = Elapsed time spent in this place.
 B = Non-inter-level travel time spent in this place.
 C = Inter-level travel time spent in this place.
 D = Time resting spent in this place.
 E = Time spent auto-exploring this place.
 F = Levels seen in this place.
 G = Mean time per level.
                   A        B        C        D        E       F      G
               +--------+--------+--------+--------+--------+-----+--------+
         Total |  31974 |  31028 |    946 |   3306 |  24501 |  22 | 1453.4 |
       Dungeon |  18083 |  17517 |    566 |   2448 |  13517 |  11 | 1643.9 |
        Temple |     56 |     48 |      8 |      0 |     39 |   1 |   56.0 |
          Lair |  12222 |  11859 |    363 |    858 |   9651 |   6 | 2037.0 |
  Orcish Mines |    353 |    345 |      8 |      0 |    261 |   2 |  176.5 |
      Ice Cave |     59 |     59 |      0 |      0 |     34 |   1 |   59.0 |
       Volcano |   1198 |   1198 |      0 |      0 |    999 |   1 | 1198.0 |
               +--------+--------+--------+--------+--------+-----+--------+

Top non-repeatable levels by time:
  Lair:6: 4696 daAuts
    D:10: 2724 daAuts
  Lair:5: 2588 daAuts
     D:7: 2189 daAuts
     D:1: 1752 daAuts
     D:5: 1709 daAuts
     D:8: 1609 daAuts
     D:4: 1572 daAuts
     D:9: 1557 daAuts
    D:11: 1474 daAuts
  Lair:1: 1463 daAuts
     D:2: 1345 daAuts
  Lair:4: 1243 daAuts
 Volcano: 1198 daAuts
  Lair:3: 1179 daAuts
